AoeStats
← [RZ] HardZeeiRa-BR

Hideout

509103075Analyzed
1v1 RM · 7d ago on Sep 25, 2026· 39m 0s· 2 players
Game mode
Random Map
Map size
Tiny (2 player)
Population
200
Speed
Normal
Resources
Standard
Victory
Conquest
Starting age
Dark Age
Ending age
Imperial Age
RankedLock teamsTeams togetherTeam positionsShared explorationLock speedFull tech treeHidden civsTurbo modeCheats
Victory
Defeat
🇩🇪 Poles · Germany
1212
+14
🇧🇷 Varangians · Brazil
1169
-14
[RZ] HardZeeiRa-BR
6:10 Loom
9:11 Feudal Age
12:03 Double-Bit Axe
19:20 Wheelbarrow
20:54 Castle Age
19:50 Forging
20:05 Scale Barding Armor
21:23 Wheelbarrow
20:32 Horse Collar
21:29 Bloodlines
21:15 Gold Mining
26:23 Husbandry
27:09 Iron Casting
30:54 Vendel Legacy
39:15 Imperial Age
36:12 Pikeman
37:16 Scale Mail Armor
37:55 Squires
38:26 Bow Saw
WhoKnowsUnknown
12:21 Feudal Age
13:09 Double-Bit Axe
13:06 Horse Collar
17:24 Castle Age
15:12 Loom
17:31 Castle Age
17:45 Stone Mining
18:57 Heavy Plow
19:39 Scale Barding Armor
22:06 Wheelbarrow
23:39 Stone Shaft Mining
22:45 Pikeman
23:38 Forging
24:44 Town Watch
27:52 Squires
29:20 Hand Cart
29:25 Bow Saw
29:13 Gold Mining
32:36 Imperial Age
30:38 Bloodlines
30:29 Husbandry
31:52 Szlachta Privileges
32:10 Chain Barding Armor
32:26 Iron Casting
32:49 Fletching
32:48 Cavalier
35:00 Conscription
36:03 Blast Furnace
34:59 Bodkin Arrow
36:47 Light Cavalry
Connection lost

Rejoining the realm…

Still unreachable

The connection could not be restored.

Session expired

The server has moved on; the page needs a fresh start.